 Dungeon Crawl Stone Soup version 0.31-a0-1278-g11c5b68f87 (webtiles) character file.

Game seed: 16518643535938401929

387 experimilk the Reanimator (level 6, -1/32 HPs)
             Began as a Deep Elf Necromancer on Dec 17, 2023.
             Splashed by a jelly's acid (7 damage)
             ... on level 5 of the Dungeon.
             The game lasted 00:12:50 (4261 turns).

experimilk the Reanimator (Deep Elf Necromancer)    Turns: 4261, Time: 00:12:50

Health: -1/32      AC: -1    Str: 11    XL:     6   Next: 49%
Magic:  5/12       EV: 12    Int: 25    God:
Gold:   231        SH:  0    Dex: 15    Spells: 3/11 levels left

rFire   . . .        y - +3 long sword "Lauc" {freeze, ^Contam rN++ Int+3}
rCold   . . .        (no shield)
rNeg    + + .        a - +0 robe
rPois   .            (no helmet)
rElec   .            u - +0 cloak
rCorr   .            (no gloves)
SInv    +            (no boots)
Will    .....        (no amulet)
Stlth   ++           i - ring of see invisible
HPRegen 0.25/turn    d - +6 ring of strength
MPRegen 0.13/turn

%: no passive effects
@: corroded
A: no striking features
a: no special abilities


You were on level 5 of the Dungeon.
You visited 1 branch of the dungeon, and saw 5 of its levels.

You collected 231 gold pieces.

Inventory:

Hand Weapons
 p - a +0 short sword
 y - the +3 long sword "Lauc" (weapon) {freeze, ^Contam rN++ Int+3}
   (You found it on level 5 of the Dungeon)

   Int+3:     It affects your intelligence (+3).
   rN++:      It greatly protects you from negative energy.
   ^Contam:   It causes magical contamination when unequipped.
Armour
 a - a +0 robe (worn)
 u - a +0 cloak (worn)
Jewellery
 d - a +6 ring of strength (right hand)
 i - a ring of see invisible (left hand)
 l - an amulet of guardian spirit
Wands
 x - a wand of polymorph (11)
Scrolls
 f - 2 scrolls of teleportation
 g - a scroll of amnesia {unknown}
 h - a scroll of noise {unknown}
 k - a scroll of immolation {unknown}
 n - a scroll of enchant weapon {unknown}
 o - a scroll of acquirement {unknown}
 q - a scroll of fear
 r - a scroll of fog {unknown}
 t - a scroll of brand weapon {unknown}
 v - a scroll of vulnerability {unknown}
 w - a scroll of poison {unknown}
Potions
 b - 2 potions of magic
 c - a potion of ambrosia {unknown}
 e - a potion of enlightenment
 j - 2 potions of mutation
 m - 2 potions of attraction
 s - a potion of resistance {unknown}


   Skills:
 - Level 2.4 Dodging
 - Level 2.4 Stealth
 - Level 3.0 Spellcasting
 * Level 9.5 Necromancy


You had 3 spell levels left.
You knew the following spells:

 Your Spells              Type           Power      Damage    Failure   Level
a - Necrotise             Necr           100%       1d9       1%          1
b - Vampiric Draining     Necr           50%        2d9       1%          3
x - Animate Dead          Necr           50%        N/A       1%          4

Your spell library contained the following spells:

 Spells                   Type           Power      Damage    Failure   Level
 Ignite Poison            Fire/Tmut/Pois 3%         N/A       30%         3
 Agony                    Necr           50%        N/A       5%          5
 Sticky Flame             Conj/Fire      3%         2d3       69%         4
 Ignition                 Fire           1%         3d3       100%        8


Dungeon Overview and Level Annotations

Branches:
Dungeon (5/15)
 Temple: D:4-7

Altars:
Gozag


Message History

You draw life force from the hound!
You kill the hound!
You feel life coursing into your body.
Unknown command.
Unknown command.
You start resting.
Your reaping aura is weakening.
You start resting.
Your reaping aura expires.
You start resting.
Magic restored.
You start waiting.
Done waiting.
A jelly comes into view.
You can't see any susceptible monsters within range! (Use Z to cast anyway.)
The jelly writhes in agony.
The jelly writhes in agony.
The jelly writhes in agony.
The jelly barely resists.
The jelly hits you but does no damage.
The jelly barely resists.
The jelly closely misses you.
The jelly barely resists.
The jelly hits you but does no damage.
The jelly barely resists.
The jelly hits you but does no damage.
The jelly barely resists.
The jelly hits you but does no damage.
You hit the jelly. You freeze the jelly. The acid corrodes you!
Your hands burn!
The jelly is heavily wounded.
The jelly barely misses you.
You completely miss the jelly.
The jelly is heavily wounded.
The jelly hits you.
You are splashed with acid!
The jelly hits you.
You are splashed with acid!
* * * LOW HITPOINT WARNING * * *
Casting: Necrotise (safe; 1% risk of failure)
Confirm with . or Enter, or press ? or * to list all spells.
You don't know that spell.
The jelly attacks as it pursues you! The jelly misses you.
The jelly attacks as it pursues you! The jelly hits you.
* * * LOW HITPOINT WARNING * * *
You are splashed with acid!
You die...

#. ###. #<..
############ #..
#..........######.###
####.#####...........
#......#..........
#@.......####..###
#J####..## #..####
#..# ##..###..###.
##.# #...........
#..........####..####
####..###### #..#
#... ...# ...# ....
..#.# ......


You could see a jelly.

Vanquished Creatures
  A hound (D:5)
  5 orc priests
  2 orc wizards (D:4)
  An iguana (D:4)
  A gnoll (D:1)
  3 adders
  2 worms
  A dart slug (D:1)
  15 orcs
  5 ball pythons
  4 bats
  3 endoplasms (D:2)
  7 giant cockroaches
  6 goblins
  3 hobgoblins
  3 jackals (D:1)
  5 quokkas
  4 frilled lizards
  5 kobolds
  2 rats
78 creatures vanquished.

Vanquished Creatures (collateral kills)
  A ball python (D:1)
  A rat (D:3)
2 creatures vanquished.

Vanquished Creatures (others)
  6 orc zombies (D:4)
6 creatures vanquished.

Grand Total: 86 creatures vanquished

Notes
Turn   | Place    | Note
-------+----------+-------------------------------------------
     0 | D:1      | experimilk the Deep Elf Necromancer began the quest for the
                  | Orb.
     0 | D:1      | Reached XP level 1. HP: 10/10 MP: 6/6
    74 | D:1      | Found a faded altar of an unknown god.
   162 | D:1      | Reached skill level 5 in Necromancy
   260 | D:1      | Reached XP level 2. HP: 15/15 MP: 5/8
   417 | D:1      | Reached skill level 6 in Necromancy
   425 | D:1      | Reached XP level 3. HP: 19/19 MP: 4/9
   430 | D:1      | Learned a level 3 spell: Vampiric Draining
  1309 | D:2      | Reached XP level 4. HP: 18/24 MP: 2/10
  1816 | D:3      | Reached skill level 7 in Necromancy
  2095 | D:3      | Found an opulent altar of Gozag.
  2289 | D:3      | You fall into a shaft and drop 1 floor!
  2295 | D:4      | Learned a level 4 spell: Animate Dead
  2789 | D:4      | Reached XP level 5. HP: 28/28 MP: 8/11
  2926 | D:4      | Reached skill level 8 in Necromancy
  3251 | D:4      | HP: 1/28 [orc wizard/puff of flame (7)]
  3655 | D:4      | Reached XP level 6. HP: 22/32 MP: 8/12
  3787 | D:4      | Reached skill level 9 in Necromancy
  3995 | D:5      | Entered Level 5 of the Dungeon
  4040 | D:5      | Identified the +3 long sword "Lauc" {freeze, ^Contam rN++
                  | Int+3}
  4261 | D:5      | Splashed by a jelly's acid

Illustrated notes

Levels and vault maps discovered:
D:1:      wander_arrival_abandoned_jail, layout_rooms,
          hellmonk_ecumenical_altar_inner_sanctum, hex_tiny,
          minmay_stone_trees_small
D:2:      layout_loops_ring, hangedman_glass_teeth, kennysheep_cluttered_room
D:3:      layout_basic, nicolae_gozag_cash_rules_everything_around_me,
          chequers_decorated_corner
D:4:      cheibrodos_pilgrimage, layout_cave_pods,
          serial_library_hellmonk_open_square
D:5:      layout_rooms, mainiacjoe_overflow_big_doors

Skill      XL: |  1  2  3  4  5  6 |
---------------+-------------------+-----
Necromancy     | 5 6 7 8 9 |  9.5
Dodging        | |  2.4
Stealth        | |  2.4
Spellcasting   | |  3.0

Action                     |  1- 3 |  4- 6 || total
---------------------------+-------+-------++-------
  Melee: Short sword       |       |    13 ||    13
         Long sword        |       |     2 ||     2
   Cast: Necrotise         |    59 |    85 ||   144
         Vampiric Draining |     1 |     7 ||     8
         Animate Dead      |       |     5 ||     5
    Use: Scroll            |       |     8 ||     8
         Potion            |       |     1 ||     1
 Armour: Robe              |     6 |    22 ||    28
  Dodge: Dodged            |     8 |    19 ||    27

Table legend: (Time is in decaauts)
 A = Elapsed time spent in this place.
 B = Non-inter-level travel time spent in this place.
 C = Inter-level travel time spent in this place.
 D = Time resting spent in this place.
 E = Time spent auto-exploring this place.
 F = Levels seen in this place.
 G = Mean time per level.
                   A        B        C        D        E       F      G
               +--------+--------+--------+--------+--------+-----+--------+
         Total |   4258 |   4205 |     53 |    943 |   2629 |   5 |  851.6 |
       Dungeon |   4258 |   4205 |     53 |    943 |   2629 |   5 |  851.6 |
               +--------+--------+--------+--------+--------+-----+--------+

Top non-repeatable levels by time:
     D:4: 1361 daAuts
     D:2: 974 daAuts
     D:3: 914 daAuts
     D:1: 741 daAuts
     D:5: 266 daAuts
